 Dungeon Crawl Stone Soup version 0.26-a0-1191-ge2a0e31ab3 (webtiles) character file.

Game seed: 7711165365348514801

1574 sahdkjhfkaj the Spear-Bearer (level 8, -2/60 HPs)
             Began as a Merfolk Gladiator on Dec 28, 2020.
             Was an Initiate of Okawaru.
             Slain by an orc warrior
             ... wielding a +0 short sword
              (15 damage)
             ... on level 7 of the Dungeon.
             The game lasted 00:14:51 (8888 turns).

sahdkjhfkaj the Spear-Bearer (Merfolk Gladiator)    Turns: 8888, Time: 00:14:52

Health: -2/60      AC: 10    Str: 22    XL:     8   Next: 90%
Magic:  9/9        EV: 10    Int:  7    God:    Okawaru [......]
Gold:   273        SH:  5    Dex: 16    Spells: 7/7 levels left

rFire    . . .     SeeInvis .   a - +0 trident
rCold    . . .     Faith    .   (no shield)
rNeg     + . .     Spirit   .   z - +0 chain mail
rPois    .         Reflect  +   x - +0 helmet
rElec    .         Harm     .   (no cloak)
rCorr    .         Rampage  .   (no gloves)
Will     .....                  s - +0 pair of boots
Stlth    ..........             w - amulet of reflection
HPRegen  0.20/turn              l - ring of positive energy
MPRegen  0.11/turn              e - +6 ring of strength

@: no status effects
A: change form in water, swift swim, stealthy swim
a: Renounce Religion


You were on level 7 of the Dungeon.
You worshipped Okawaru.
Okawaru was noncommittal.
You visited 2 branches of the dungeon, and saw 8 of its levels.
You also visited: Ossuary.

You collected 273 gold pieces.

Inventory:

Hand Weapons
 a - a +0 trident (weapon)
Missiles
 d - 4 throwing nets (quivered) {!f}
Armour
 s - a +0 pair of boots (worn)
 x - a +0 helmet (worn)
 z - a +0 chain mail (worn)
Jewellery
 e - a +6 ring of strength (right hand)
 l - a ring of positive energy (left hand)
 w - an amulet of reflection (around neck)
Wands
 h - a wand of acid (4)
 t - a wand of polymorph (13)
 y - a wand of random effects (24)
Scrolls
 c - 2 scrolls of enchant weapon {unknown}
 f - a scroll of identify
 j - 2 scrolls of enchant armour
 m - a scroll of random uselessness {unknown}
 n - a scroll of magic mapping {unknown}
 o - 2 scrolls of noise {unknown}
 p - 2 scrolls of teleportation {!r}
 q - 2 scrolls of remove curse
 r - 2 scrolls of immolation {unknown}
 u - a scroll of blinking {unknown}
 v - a scroll of fog {unknown}
Potions
 b - a potion of attraction
 i - a potion of berserk rage {unknown}
 k - a potion of lignification {unknown}


   Skills:
 - Level 4.0 Fighting
 + Level 13.8 Polearms
 - Level 2.0 Throwing
 - Level 1.0 Armour
 - Level 5.0 Dodging
 - Level 2.0 Invocations
 - Level 1.0 Evocations


You had 7 spell levels left.
You didn't know any spells.
Your spell library contained the following spells:

 Spells                   Type           Power        Failure   Level
 Ensorcelled Hibernation  Hex/Ice        0%           100%        2
 Borgnjor's Vile Clutch   Necr/Erth      0%           100%        5
 Silence                  Hex/Air        0%           100%        5
 Shadow Creatures         Summ           N/A          100%        6


Dungeon Overview and Level Annotations

Branches:
Dungeon (7/15)             Temple (1/1) D:7         Ossuary (visited)

Altars:
Cheibriados
Dithmenos
Elyvilon
Fedhas
Gozag
Hepliaklqana
Makhleb
Okawaru
Ru
Sif Muna
Uskayaw
Wu Jian
Xom
Zin
The Shining One

Shops:
D:5 [

Annotations:
D:7 Harold


Message History

Harold says, "This is so exciting!
What a great way to end my career!"
Harold zaps a wand.
You resist with some effort. The orc warrior barely misses you.
The phantom closely misses you. Harold hits you with a +0 war axe!
* * * LOW HITPOINT WARNING * * *
The orc warrior hits you but does no damage.
The phantom blinks!
There is a fountain of clear blue water here.
Unknown command.
The phantom hits you.
* * * LOW HITPOINT WARNING * * *
Unknown command.
Unknown command.
Unknown command.
Okay, then.
Okay, then.
It was a potion of cancellation.
You feel magically purged.
The orc warrior hits you with a +0 short sword!
You die...

#..?##......... ....
....#.......... ...
.......o#.#...###..
#....##.###..## ...
....#....##..## ..#
...#W...###...# #.##
#.##...## #.⌠.# #..#
#....o#####...###W.#
..#....#......5o@###
. ###..#.⌠..>§.@.#
#............#
###.###...#### #.#
#.⌠.# ### #...#
##..# ##.. ...#


You could see Harold, a phantom, an orc warrior and a shadow imp.

Vanquished Creatures
  A black bear (D:6)
  A sky beast (D:6)
  A hornet zombie (D:6)
  3 ogres
  A centaur (D:5)
  A bullfrog (Temple)
  An elf zombie (D:4)
  A wyvern zombie (D:6)
  A scorpion (D:5)
  2 howler monkeys
  2 hounds
  A jelly (D:6)
  An orc wizard (D:5)
  3 human skeletons (D:4)
  Ijyb (D:5)
  4 worker ants
  A hound skeleton (D:5)
  4 mummies
  A worker ant zombie (D:7)
  7 gnolls
  A howler monkey skeleton (D:6)
  6 adders
  A white imp (D:6)
  An ooze (D:1)
  An adder zombie (D:6)
  An adder skeleton (D:6)
  4 worms
  3 dart slugs
  4 leopard geckos
  10 orcs
  2 ball pythons
  12 bats
  2 giant cockroaches
  3 gnoll zombies (Ossuary)
  9 goblins
  7 hobgoblins
  9 jackals
  3 kobolds
  2 quokkas
  6 frilled lizards
  A hobgoblin zombie (Ossuary)
  A kobold zombie (Ossuary)
  A leopard gecko skeleton (D:4)
  2 orc skeletons (D:4)
  An orc zombie (Ossuary)
  A quokka zombie (D:6)
  13 rats
145 creatures vanquished.

Notes
Turn   | Place    | Note
-------+----------+-------------------------------------------
     0 | D:1      | sahdkjhfkaj the Merfolk Gladiator began the quest for the
                  | Orb.
     0 | D:1      | Reached XP level 1. HP: 16/16 MP: 1/1
    35 | D:1      | Reached skill level 5 in Polearms
    38 | D:1      | Reached XP level 2. HP: 12/22 MP: 2/2
   519 | D:1      | Reached skill level 6 in Polearms
   519 | D:1      | Reached XP level 3. HP: 27/27 MP: 3/3
  1432 | D:1      | Reached XP level 4. HP: 18/33 MP: 4/4
  1610 | D:2      | Found a shimmering altar of Xom.
  1624 | D:2      | Reached skill level 7 in Polearms
  1958 | D:2      | Reached skill level 8 in Polearms
  1958 | D:2      | Reached XP level 5. HP: 31/38 MP: 5/5
  3547 | D:3      | Reached skill level 9 in Polearms
  4010 | D:4      | Reached XP level 6. HP: 44/44 MP: 6/6
  4154 | D:4      | Reached skill level 10 in Polearms
  4253 | D:4      | Found a sand-covered staircase.
  4489 | Ossuary  | Entered an ossuary
  4613 | Ossuary  | Reached XP level 7. HP: 31/50 MP: 7/7
  4644 | D:4      | Reached skill level 11 in Polearms
  5194 | D:5      | Entered Level 5 of the Dungeon
  5383 | D:5      | Reached skill level 12 in Polearms
  5539 | D:5      | HP: 2/50 [orc wizard/magic dart (4)]
  5807 | D:5      | Found Pynec's Armour Boutique.
  6149 | D:5      | Noticed Ijyb
  6166 | D:5      | Killed Ijyb
  7020 | D:5      | Reached skill level 13 in Polearms
  7020 | D:5      | Reached XP level 8. HP: 55/56 MP: 8/8
  7088 | D:6      | Reached skill level 1 in Invocations
  7315 | D:6      | HP: 1/58 [hornet zombie (10)]
  7661 | D:6      | Reached skill level 1 in Evocations
  7661 | D:6      | Reached skill level 1 in Armour
  8003 | D:6      | Reached skill level 5 in Dodging
  8672 | D:7      | Noticed Harold
  8686 | D:7      | Found a staircase to the Ecumenical Temple.
  8694 | Temple   | Entered the Ecumenical Temple
  8852 | Temple   | Became a worshipper of Warmaster Okawaru
  8888 | D:7      | Slain by an orc warrior

Illustrated notes

Levels and vault maps discovered:
D:1:      dpeg_arrival_windows_large_door, layout_basic
D:2:      layout_basic, general_overflow_altar
D:3:      kennysheep_six_static_rooms, layout_basic
D:4:      layout_basic, nicolae_ossuary_entry_catacombs
D:5:      layout_loops_ring, serial_shops, nicolae_shop_statue_plus, uniq_ijyb
D:6:      layout_layer_cave, serial_glass, glass_columns_c, glass_columns_a,
          kennysheep_opposing_triangles
D:7:      layout_cave_pools, yredelemnul_altar_generic,
          minmay_temple_entry_junction, uniq_pikel, uniq_harold
Temple:   nicolae_temple_great_sept

Skill      XL: |  1  2  3  4  5  6  7  8 |
---------------+-------------------------+-----
Polearms       | 5 6 8 9 10 13 | 13.8
Invocations    | 2 |  2.0
Fighting       | 4 |  4.0
Evocations     | 1 |  1.0
Armour         | 1 |  1.0
Dodging        | 5 |  5.0
Throwing       | |  2.0

Action                   |  1- 3 |  4- 6 |  7- 9 || total
-------------------------+-------+-------+-------++-------
Melee: Trident           |   110 |   235 |   278 ||   623
Evoke: Wand              |       |       |     2 ||     2
  Use: Scroll            |       |     3 |     7 ||    10
       Potion            |       |       |     4 ||     4
 Stab: Sleeping          |     5 |       |       ||     5
Armor: Leather armour    |    23 |     3 |       ||    26
       Ring mail         |       |    53 |    22 ||    75
       Chain mail        |       |       |    44 ||    44
Dodge: Dodged            |    74 |   136 |    75 ||   285
Block: Other             |       |       |    40 ||    40

Table legend: (Time is in decaauts)
 A = Elapsed time spent in this place.
 B = Non-inter-level travel time spent in this place.
 C = Inter-level travel time spent in this place.
 D = Time resting spent in this place.
 E = Time spent auto-exploring this place.
 F = Levels seen in this place.
 G = Mean time per level.
                   A        B        C        D        E       F      G
               +--------+--------+--------+--------+--------+-----+--------+
         Total |   8765 |   8279 |    486 |   1827 |   5106 |   9 |  973.9 |
       Dungeon |   8483 |   8027 |    456 |   1769 |   4972 |   7 | 1211.9 |
        Temple |    166 |    136 |     30 |      0 |    129 |   1 |  166.0 |
       Ossuary |    115 |    115 |      0 |     58 |      5 |   1 |  115.0 |
               +--------+--------+--------+--------+--------+-----+--------+

Top non-repeatable levels by time:
     D:4: 1669 daAuts
     D:6: 1538 daAuts
     D:1: 1443 daAuts
     D:3: 1361 daAuts
     D:5: 1227 daAuts
     D:2: 1145 daAuts
  Temple: 166 daAuts
 Ossuary: 115 daAuts
     D:7: 98 daAuts
